 Dungeon Crawl Stone Soup version 0.30.0-29-ga12c61a403 (webtiles) character file.

Game seed: 9291903175541492982

736598 Bnni the Invulnerable (level 27, -8/249 HPs)
             Began as a Formicid Earth Elementalist on June 6, 2023.
             Was the Champion of Cheibriados.
             Killed by the air
             ... invoked by a titan
              (20 damage)
             ... on level 7 of Cocytus on June 13, 2023.
             The game lasted 05:31:17 (74870 turns).

Bnni the Invulnerable (FoEE)                       Turns: 74870, Time: 05:31:17

Health: -8/249     AC: 48    Str: 33    XL:     27
Magic:  9/51       EV: 21    Int: 53    God:    Cheibriados [******]
Gold:   10447      SH: 37    Dex: 29    Spells: 5/66 levels left

rFire   + + .        L - staff of earth
rCold   + + +        z - +10 tower shield of Ignorance {rN+ Int-4}
rNeg    + . .        K - +10 gold dragon scales
rPois   +            (helmet unavailable)
rElec   +            G - +4 dragonskin cloak
rCorr   .            m - -1 pair of gloves of an ossuary {-Tele Rampage Int+10 Stlth-}
SInv    +            B - +2 pair of boots {rampage}
Will    ++...        M - amulet "Eguacs" {rElec Regen+ Str+2 Slay+3} Stlth
                     b - ring "Asozyo Zoin" {rC+++ EV+5}
HPRegen 1.41/turn    a - ring "Exoile Bita" {Drain rPois rF+ Int+6 SInv}
MPRegen 0.32/turn

%: rampage
@: unable to drink, very slow
A: permanent stasis, dig shafts and tunnels, antennae 3, four strong arms, high
MP 1, robust 1, MP-powered wands
}: 5/15 runes: decaying, slimy, silver, abyssal, gossamer
a: Dig, Shaft Self, Renounce Religion, Bend Time, Temporal Distortion, Slouch,
Step From Time


You were on level 7 of Cocytus.
You worshipped Cheibriados.
Cheibriados was exalted by your worship.
You visited 14 branches of the dungeon, and saw 64 of its levels.
You visited the Abyss 1 time.
You also visited: Gauntlet and Ice Cave.

You collected 13464 gold pieces.
You spent 3017 gold pieces at shops.

Inventory:

Hand Weapons
 p - the +6 Majin-Bo {spellvamp, MP+6 Int+6}
   (You found it on level 3 of the Crypt)

   Int:       It affects your intelligence (+6).
   MP:        It affects your magic capacity (+6).
 N - a +2 bardiche of holy wrath
 V - a +5 dire flail of holy wrath
Missiles
 e - 2 throwing nets
 O - 23 curare-tipped darts
Armour
 d - a +2 cloak of preservation
 m - the -1 pair of gloves of an ossuary (worn) {-Tele Rampage Int+10 Stlth-}
   (You found it on level 5 of the Lair of Beasts)

   Int:       It affects your intelligence (+10).
   -Tele:     It prevents most forms of teleportation.
   Rampage:   It bestows one free step when moving towards enemies.
   Stlth:     It makes you less stealthy.
   Cheibriados disapproves of the use of such an item.
 z - the +10 tower shield of Ignorance (worn) {rN+ Int-4}
   (You found it on level 4 of the Swamp)

   Int:       It affects your intelligence (-4).
   rN:        It protects you from negative energy.
 B - a +2 pair of boots of rampaging (worn)
 G - the +4 dragonskin cloak (worn)
   (You took it off Tiamat on level 4 of the Realm of Zot)

   Avatar's Aegis: It grants the wearer a chance to resist fire, cold, poison,
   electricity, acid, and negative energy.
 K - +10 gold dragon scales (worn)
Magical Staves
 L - a staff of earth (weapon)
Jewellery
 a - the ring "Exoile Bita" (right hand) {Drain rPois rF+ Int+6 SInv}
   (You took it off a vault sentinel on level 5 of the Vaults)

   [ring of protection from fire]

   Int:       It affects your intelligence (+6).
   rF:        It protects you from fire.
   rPois:     It protects you from poison.
   SInv:      It lets you see invisible.
   Drain:     It drains your maximum health when unequipped.
 b - the ring "Asozyo Zoin" (left hand) {rC+++ EV+5}
   (You found it in a Gauntlet)

   [ring of evasion]

   EV:        It affects your evasion (+5).
   rC:        It renders you almost immune to cold.
 w - the ring "Tonenet" {rC+ rN+ rCorr Int-4 Dex+3}
   (You took it off a deep elf annihilator on level 3 of the Elven Halls)

   [ring of protection from cold]

   Int:       It affects your intelligence (-4).
   Dex:       It affects your dexterity (+3).
   rC:        It protects you from cold.
   rN:        It protects you from negative energy.
   rCorr:     It protects you from acid and corrosion.
 C - the ring of the Mage {Wiz Archmagi}
   (You found it on level 5 of the Pits of Slime)

   [ring of wizardry]

   It improves your spell success rate.
   Archmagi:  It increases the power of your magical spells.
 M - the amulet "Eguacs" (around neck) {rElec Regen+ Str+2 Slay+3}
   (You acquired it on level 5 of the Realm of Zot)

   [amulet of regeneration]

   Str:       It affects your strength (+2).
   Slay:      It affects your accuracy & damage with ranged weapons and melee
   (+3).
   rElec:     It insulates you from electricity.
   Regen:     It increases your rate of health regeneration.
 P - the ring of Joul {rElec rF+}
   (You took it off an orc warrior on level 2 of the Orcish Mines)

   [ring of protection from fire]

   rF:        It protects you from fire.
   rElec:     It insulates you from electricity.
 U - the ring of Vureap {Fly rC+}
   (You found it on level 1 of the Spider Nest)

   [ring of flight]

   rC:        It protects you from cold.
   Fly:       It grants you flight.
Wands
 g - a wand of quicksilver (44)
 q - a wand of roots (47)
 J - a wand of digging (35)
Scrolls
 c - 6 scrolls of poison
 f - 5 scrolls of magic mapping
 n - 7 scrolls of fog
 o - 5 scrolls of silence
 s - 14 scrolls of vulnerability
 u - 9 scrolls of amnesia
 v - 14 scrolls of immolation
 x - 7 scrolls of butterflies
 E - 2 scrolls of fear
 I - 5 scrolls of enchant weapon
 W - a scroll of brand weapon
Potions
 h - 7 potions of brilliance
 i - 14 potions of heal wounds
 k - 16 potions of attraction
 l - 4 potions of ambrosia
 r - 5 potions of invisibility
 t - 2 potions of mutation
 F - 9 potions of resistance
 H - 2 potions of magic
 Q - 22 potions of curing
 R - 8 potions of might
 T - 4 potions of cancellation
Miscellaneous
 y - a phantom mirror
 A - a phial of floods


   Skills:
 + Level 20.8 Fighting
 O Level 27 Armour
 + Level 10.1 Dodging
 - Level 2.4 Stealth
 + Level 22.2 Shields
 * Level 20.0 Spellcasting
 - Level 15.0 Conjurations
 - Level 12.0 Summonings
 * Level 16.4 Necromancy
 + Level 14.6 Transmutations
 - Level 26.9 Earth Magic
 - Level 13.0 Invocations


You had 5 spell levels left.
You knew the following spells:

 Your Spells              Type           Power      Damage    Failure   Level
a - Shatter               Erth           86%        3d62*     2%          9
b - Passwall              Tmut/Erth      100%       N/A       0%          2
c - Lehudib's Crystal Sp  Conj/Erth      80%        10d18     1%          8
e - Lee's Rapid Deconstr  Erth           86%        3d38*     0%          5
f - Iron Shot             Conj/Erth      80%        9d15      1%          6
g - Animate Armour        Summ/Erth      100%       N/A       0%          4
h - Haunt                 Necr/Summ      58%        N/A       3%          7
i - Borgnjor's Vile Clut  Necr/Erth      81%        N/A       0%          5
j - Yara's Violent Unrav  Hex/Tmut       46%        3d18      1%          5
s - Sublimation of Blood  Necr           100%       N/A       0%          2
v - Spellforged Servitor  Conj/Summ      57%        N/A       4%          7
z - Apportation           Tloc           100%       N/A       1%          1

Your spell library contained the following spells:

 Spells                   Type           Power      Damage    Failure   Level
 Beastly Appendage        Tmut           100%       N/A       0%          1
 Kiss of Death            Conj/Necr      100%       2d13      0%          1
 Magic Dart               Conj           100%       1d8       0%          1
 Necrotise                Necr           100%       1d9       0%          1
 Sandblast                Erth           100%       2d20      0%          1
 Call Imp                 Summ           100%       N/A       0%          2
 Searing Ray              Conj           100%       2d8       0%          2
 Wereblood                Tmut           100%       N/A       0%          2
 Stone Arrow              Conj/Erth      100%       3d13      0%          3
 Vampiric Draining        Necr           100%       2d13      0%          3
 Petrify                  Tmut/Erth      100%       N/A       0%          4
 Shock                    Conj/Air       100%       1d9       1%          1
 Sting                    Tmut/Pois      100%       1d8       1%          1
 Cigotuvi's Dreadful Rot  Necr/Pois/Air  100%       N/A       1%          2
 Momentum Strike          Conj/Tloc      100%       3d10      1%          2
 Static Discharge         Conj/Air       100%       2-7/arc   1%          2
 Call Canine Familiar     Summ           100%       N/A       1%          3
 Dazzling Flash           Conj/Hex       100%       N/A       1%          3
 Ignite Poison            Fire/Tmut/Pois 81%        N/A       1%          3
 Mephitic Cloud           Conj/Pois/Air  82%        N/A       1%          3
 Spider Form              Tmut/Pois      92%        N/A       1%          3
 Summon Guardian Golem    Hex/Summ       86%        N/A       1%          3
 Animate Dead             Necr           100%       N/A       1%          4
 Dispel Undead            Necr           100%       3d31      1%          4
 Flame Wave               Conj/Fire      93%        2d20      1%          4
 Fulminant Prism          Conj/Hex       46%        3d21      1%          4
 Ice Form                 Ice/Tmut       92%        N/A       1%          4
 Iskenderun's Mystic Bla  Conj/Tloc      93%        2d18      1%          4
 Leda's Liquefaction      Hex/Erth       69%        N/A       1%          4
 Sticky Flame             Conj/Fire      93%        2d10      1%          4
 Summon Ice Beast         Ice/Summ       86%        N/A       1%          4
 Summon Lightning Spire   Summ/Air       86%        N/A       1%          4
 Agony                    Necr           100%       N/A       1%          5
 Alistair's Intoxication  Tmut/Pois      61%        N/A       1%          5
 Arcjolt                  Conj/Air       46%        1d56      1%          5
 Blade Hands              Tmut           59%        N/A       1%          5
 Fireball                 Conj/Fire      46%        3d18      1%          5
 Iskenderun's Battlesphe  Conj           100%       2d15      1%          5
 Ensorcelled Hibernation  Hex/Ice        100%       N/A       2%          2
 Lesser Beckoning         Tloc           100%       N/A       2%          2
 Poisonous Vapours        Pois/Air       100%       N/A       2%          2
 Scorch                   Fire           100%       2d9       2%          2
 Summon Mana Viper        Hex/Summ       86%        N/A       3%          5
 Confusing Touch          Hex            52%        N/A       4%          3
 Frozen Ramparts          Ice            100%       1d16      4%          3
 Gell's Gravitas          Tloc           52%        N/A       4%          3
 Inner Flame              Hex/Fire       52%        N/A       4%          3
 Ozocubu's Armour         Ice            52%        N/A       4%          3
 Portal Projectile        Hex/Tloc       100%       N/A       4%          3
 Teleport Other           Tloc           52%        N/A       4%          3
 Tukima's Dance           Hex            52%        N/A       4%          3
 Volatile Blastmotes      Fire/Tloc      100%       2d18      4%          3
 Freezing Cloud           Conj/Ice/Air   41%        6-21      5%          5
 Airstrike                Air            26%        2d(4-20)  16%         4
 Manifold Assault         Tloc           52%        N/A       16%         4
 Olgreb's Toxic Radiance  Pois           52%        N/A       16%         4
 Passage of Golubria      Tloc           52%        N/A       16%         4
 Metabolic Englaciation   Hex/Ice        26%        N/A       38%         5
 Silence                  Hex/Air        26%        N/A       38%         5
 Death Channel            Necr           61%        N/A       1%          6
 Summon Cactus Giant      Summ           55%        N/A       1%          6
 Orb of Destruction       Conj           59%        9d14      2%          7
 Dragon Form              Tmut           59%        N/A       3%          7
 Simulacrum               Ice/Necr       48%        N/A       8%          6
 Monstrous Menagerie      Summ           55%        N/A       10%         7
 Summon Hydra             Summ           55%        N/A       10%         7
 Conjure Ball Lightning   Conj/Air       46%        3x3d16    11%         6
 Starburst                Conj/Fire      46%        6d13      11%         6
 Eringya's Noxious Bog    Tmut/Pois      46%        N/A       12%         6
 Infestation              Necr           61%        N/A       12%         8
 Necromutation            Tmut/Necr      60%        N/A       17%         8
 Storm Form               Tmut/Air       46%        N/A       54%         7
 Death's Door             Necr           61%        N/A       88%         9
 Dispersal                Tloc           26%        N/A       93%         6
 Plasma Beam              Fire/Air       26%        2x1d42    93%         6
 Enfeeble                 Hex            26%        N/A       100%        7
 Ozocubu's Refrigeration  Ice            26%        4d13      100%        7
 Disjunction              Tloc           26%        N/A       100%        8
 Ignition                 Fire           26%        3d9       100%        8
 Maxwell's Capacitive Co  Air            26%        ∞         100%        8
 Blink                    Tloc           Unusable   N/A       N/A         2
 Swiftness                Air            Unusable   N/A       N/A         3
 Vhi's Electric Charge    Tloc/Air       Unusable   N/A       N/A         3

Dungeon Overview and Level Annotations

Branches:
Dungeon (15/15)            Temple (1/1) D:7            Lair (5/5) D:9
  Swamp (4/4) Lair:3       Spider (4/4) Lair:2        Slime (5/5) Lair:5
    Orc (2/2) D:9             Elf (3/3) Orc:2        Vaults (5/5) D:13
  Crypt (3/3) Vaults:2       Tomb (0/3) Crypt:3      Depths (4/4) D:15
   Hell (visited)             Dis (0/7) Hell            Geh (0/7) Hell
    Coc (7/7) Hell            Tar (0/7) Hell            Zot (5/5) Depths:4
  IceCv (visited)         Gauntlet (visited)

Altars:
Ashenzari
Cheibriados
Dithmenos
Elyvilon
Fedhas
Gozag
Hepliaklqana
Kikubaaqudgha
Makhleb
Nemelex Xobeh
Okawaru
Qazlal
Ru
Sif Muna
Trog
Uskayaw
Vehumet
Wu Jian
Xom
Yredelemnul
Zin
The Shining One
Jiyva

Shops:
D:1 (   D:2 [   D:4 (   D:5 (   D:9 ([   Orc:2 ***:!(   Elf:1 =::   Elf:2 :
Vaults:1 *   Vaults:3 *   Vaults:4 ?

Portals:
Hell: Depths:1 Depths:2 Depths:3 Depths:4
Abyss: Depths:2 Depths:3
Pandemonium: Depths:2 Depths:3 Depths:4
Ziggurat: Depths:3

Annotations:
Lair:4 3 runed translucent doors, Juirae's ghost, journeyman TrMo
Elf:2 3 runed translucent doors


Innate Abilities, Weirdness & Mutations

You cannot be hasted, slowed, berserked, paralysed or teleported.
You can dig through walls and to a lower floor.
You have a pair of large antennae on your head. (SInv)
Your four strong arms can wield two-handed weapons with a shield.
You have an increased reservoir of magic. (+10% MP)
You are robust. (+10% HP)
You expend magic power (3 MP) to strengthen your wands.


Message History

The water elemental hits your animated gold dragon scales.
The water elemental engulfs your animated gold dragon scales in water!
Your animated gold dragon scales is no longer engulfed.
The titan hits your animated gold dragon scales.
The nargun hits your animated gold dragon scales but does no damage.
The nargun bites your animated gold dragon scales!
The nargun freezes your animated gold dragon scales!!
Your animated gold dragon scales is destroyed!
Your animated gold dragon scales disappears in a puff of smoke!
You block the dire elephant simulacrum's attack.
The dire elephant simulacrum misses you.
The wendigo moves out of view.
Unknown command.
As you read the scroll of butterflies, it crumbles to dust.
You hear the flapping of tiny wings.
The water elemental is knocked back by the sudden gust.
The dire elephant simulacrum is knocked back by the sudden gust.
The titan hits your butterfly!!!
Your butterfly dies!
Your butterfly disappears in a burst of colours!
Press: ? - help, v - describe, . - travel
Here: a butterfly (summoned, friendly) Frost-covered floor.
You swap places.
The water elemental closely misses your butterfly.
The water elemental completely misses your butterfly.
The dire elephant simulacrum completely misses your butterfly.
The dire elephant simulacrum trunk-slaps your butterfly.
Your butterfly dies!
Your butterfly disappears in a burst of colours!
The water elemental misses your butterfly.
An elemental wellspring comes into view.
The water elemental hits your butterfly!!
Your butterfly dies!
Your butterfly disappears in a burst of colours!
You swap places.
The water elemental closely misses your butterfly.
The titan waves its arms in wide circles.
The air twists around and strikes you!!
You die...

~~~~~{~**#..#.≈≈...##≈...##
~~~~~{~~*#..≈≈b≈....##≈...##
~~~~~~~~*#...≈≈.b≈...##≈...##
,~~~~~~~*#b.bbb≈≈b≈#..##≈...##
,~~~~~~~*#.bb#bb≈##....##≈...##
~~~~~~~~*#bEbbbbb###....##≈.≈≈#
,~~~~§§~##EEbbbb#.#.#.......≈≈#
,~~~~~*#EZC9Z.bbb.b##.......≈.#
~~~~~~#~~1E###.#@##############
~~~~~*#~~~#**#####* *****
~~~~*#~~~{*~~~~~~~***~~~*
~~~*#§R~##*~~~~~~~~~~~~~*
~~**~Z~#*~{~~~~~~~~~~~~~*
~**~.~#*~{~~{~~~~~~~{{~~*
~~~,~#*~~~~~~~~~~~~~~~~~*
*~,~**~~~~~~~~~~~~~~~~~~**
,,~~*~~~~~~~~~~~~~~~~~~~~******


You could see a titan, an elemental wellspring, a nargun, 2 water elementals and
2 dire elephant simulacra.

Vanquished Creatures
  the Royal Jelly (Slime:5)
  3 ancient liches (Crypt:3)
  A dread lich (Crypt:3)
  6 orbs of fire
  A juggernaut (Depths:2)
  Sojobo (Vaults:4)
  Boris (Crypt:1)
  Margery (Crypt:1)
  3 Killer Klowns (Zot:5)
  Frederick (Vaults:5)
  Saint Roka (Depths:1)
  Xtahua (Crypt:3)
  5 caustic shrikes (Depths:3)
  6 shard shrikes
  2 curse toes
  6 golden dragons
  Geryon (Hell)
  Jory (Vaults:5)
  5 bone dragons
  9 doom hounds
  6 electric golems
  A Hell Sentinel (Depths:4)
  4 liches
  A walking crystal tome (Depths:4)
  13 tentacled monstrosities
  A shard shrike skeleton (Crypt:1)
  A shard shrike zombie (Crypt:3)
  2 deep elf blademasters (Elf:3)
  8 titans
  Zenata (Vaults:3)
  11 Orb Guardians (Zot:5)
  Grunn (Depths:4)
  8 Ice Fiends
  Asterion (Spider:2)
  9 quicksilver dragons
  4 deep elf master archers (Elf:3)
  6 death cobs
  5 tentacled starspawn (Abyss:3)
  9 acid blobs
  6 ancient champions
  2 thorn hunters (Swamp:4)
  3 sphinxes
  12 storm dragons
  12 tengu reavers
  Kirke (Swamp:1)
  5 shadow dragons
  4 draconian monks
  7 azure jellies
  2 fenstrider witches (Swamp:3)
  13 narguns
  5 draconian knights
  Donald (Vaults:4)
  6 deep elf sorcerers
  5 revenants
  7 draconian scorchers
  11 fire giants
  11 frost giants
  4 iron dragons
  2 curse skulls
  Louise (Swamp:4)
  16 vault wardens
  7 ghost moths
  Aizul (Swamp:1)
  2 emperor scorpions (Spider:4)
  4 shard shrike simulacra
  A cacodemon (Depths:4)
  9 ghouls
  An orc warlord (Orc:2)
  5 draconian stormcallers
  4 draconian shifters
  3 spectral caustic shrikes (Depths:1)
  A broodmother (Spider:4)
  4 deep elf elementalists
  4 war gargoyles
  The ghost of hitsuchi the Eclecticist, an adept DECj of Gozag (Spider:1)
  16 ironbound preservers
  13 stone giants
  7 draconian annihilators
  10 ironbound thunderhulks
  6 reapers
  A spriggan defender (Vaults:2)
  5 quicksilver oozes
  20 very ugly things
  An eleionoma (Swamp:1)
  15 green draconians
  9 vampire knights
  9 black draconians
  12 elemental wellsprings
  2 putrid mouths
  7 deep elf demonologists
  10 dire elephants
  16 red draconians
  2 wendigos
  Azrael (Spider:3)
  7 deep elf annihilators
  7 bunyips
  2 spark wasps
  8 purple draconians
  11 white draconians
  18 yellow draconians
  A crystal guardian (Vaults:1)
  A mummy priest (Crypt:3)
  5 eidola
  15 ettins
  An ettin (shapeshifter) (Vaults:5)
  7 deep elf death magi
  A fire dragon (shapeshifter) (Depths:4)
  3 blizzard demons
  A merfolk javelineer (Depths:1)
  9 yaktaur captains
  2 shambling mangroves
  7 fire dragons
  8 jiangshi
  8 great orbs of eyes
  A kraken zombie (Hell)
  29 vault guards
  2 rakshasas
  12 hydras
  A spriggan skeleton (Crypt:1)
  6 ice dragons
  2 peacekeepers
  7 deep elf high priests
  12 ironbound frosthearts
  3 juggernaut simulacra
  2 catoblepae (Lair:5)
  11 caustic shrike simulacra
  5 entropy weavers
  3 spriggan air magi
  4 centaur warriors (Vaults:2)
  8 boulder beetles
  2 ghost crabs
  2 radroaches (Spider:3)
  25 dancing weapons
  2 jorogumos
  2 two-headed ogres
  6 alligators
  A tengu warrior (D:13)
  9 deep troll earth magi
  3 death yaks
  2 death knights
  8 vampire magi
  8 deep troll shamans
  2 titan zombies (Crypt:3)
  A spectral emperor scorpion (Spider:1)
  3 thrashing horrors (Abyss:3)
  18 hell knights
  3 orc high priests
  A soul eater (Crypt:2)
  A titan skeleton (Crypt:3)
  4 iron trolls
  17 deep elf knights
  8 wretched stars (Abyss:3)
  11 spriggan berserkers
  6 sun demons
  3 shadow wraiths
  7 pharaoh ants
  Lodul (D:10)
  A spectral spark wasp (Spider:1)
  5 goliath frogs
  A spark wasp zombie (Crypt:2)
  A spatial maelstrom (Abyss:3)
  18 skeletal warriors
  3 sixfirhies
  An anaconda zombie (Hell)
  4 sun moths
  3 glowing orange brains
  53 deep trolls
  12 deep elf archers
  An obsidian statue (IceCv)
  5 quicksilver dragon simulacra
  11 flayed ghosts
  11 orb spiders
  8 spriggan druids
  12 phantasmal warriors
  14 ironbound convokers
  5 bog bodies
  An orange crystal statue (Depths:1)
  A bunyip zombie (Crypt:1)
  2 shadow demons
  7 wizards
  4 swamp dragons
  Pikel (D:6)
  A spectral hydra (Swamp:4)
  7 lindwurms
  18 necromancers
  A stone giant zombie (Crypt:1)
  11 spriggan simulacra
  5 harpies (Vaults:1)
  2 mana vipers (shapeshifter)
  33 deep elf zephyrmancers
  An iron dragon zombie (Crypt:1)
  28 deep elf pyromancers
  10 starcursed masses (Abyss:3)
  6 orc knights
  6 oklob plants
  6 steelbarb worms
  6 will-o-the-wisps
  A wolf spider (shapeshifter) (Depths:1)
  A faun (shapeshifter) (Abyss:3)
  2 worldbinders (Abyss:3)
  3 orc sorcerers
  8 manticores
  27 ugly things
  20 wolf spiders
  7 shining eyes
  A cyclops (D:14)
  3 elephants
  An eleionoma skeleton (Crypt:1)
  21 moths of wrath
  A water nymph (shapeshifter) (Depths:1)
  Maurice (D:9)
  A human skeleton (Vaults:4)
  8 ice statues (Coc:5)
  11 rust devils
  7 smoke demons
  2 black mambas
  5 demonic crawlers
  2 titan simulacra
  6 molten gargoyles (Hell)
  3 torpor snails
  19 vault sentinels
  A cane toad (shapeshifter) (Elf:1)
  3 cane toads
  2 eyes of devastation
  2 unseen horrors
  5 hellions
  A yellow draconian zombie (Crypt:3)
  A sea snake zombie (Hell)
  An orange demon (Abyss:3)
  3 rime drakes (Lair:5)
  An efreet (Zot:2)
  7 komodo dragons
  13 ice devils
  26 yaktaurs
  A centaur skeleton (Hell)
  7 freezing wraiths
  An iron giant simulacrum (Coc:3)
  3 anaconda simulacra
  5 tormentors
  A tengu conjurer (Depths:3)
  2 bunyip simulacra
  A red devil (Depths:2)
  A silent spectre (Abyss:3)
  A death drake zombie (Swamp:4)
  3 ancient zymes (Abyss:3)
  3 golden dragon simulacra
  13 hornets
  3 tyrant leeches (Swamp:3)
  A hellwing (Abyss:3)
  A shadow dragon simulacrum (Coc:1)
  3 meliai (D:13)
  2 bloated husks
  8 guardian mummies
  7 trolls
  3 polar bears
  4 hydra zombies
  A tyrant leech (shapeshifter) (Depths:3)
  Grinder (D:3)
  22 tarantellas
  A death drake skeleton (Crypt:3)
  2 broodmother simulacra (Spider:1)
  4 raiju (Abyss:3)
  7 blink frogs
  7 large abominations (Abyss:3)
  2 stone giant simulacra
  3 dream sheep (Lair:5)
  A jorogumo simulacrum (Spider:1)
  A moth of wrath zombie (Crypt:1)
  2 hydra skeletons (Hell)
  A culicivora zombie (Crypt:2)
  An iron dragon simulacrum (Coc:7)
  32 jumping spiders
  25 slime creatures
  3 ettin skeletons (Abyss:3)
  A flying skull (Crypt:3)
  Sigmund (D:5)
  A jumping spider (shapeshifter) (Vaults:5)
  9 water elementals
  An alligator skeleton (Hell)
  2 air elementals
  3 centaur simulacra
  23 culicivoras
  5 shadows
  8 spriggans
  3 dire elephant simulacra
  3 wraiths
  38 yaks
  2 ynoxinuls
  4 wyverns
  23 fire elementals
  A basilisk (Lair:4)
  Eustachio (D:5)
  2 golden eyes (Slime:1)
  3 alligator snapping turtle simulacra
  10 minotaur simulacra (IceCv)
  A tyrant leech zombie (Crypt:2)
  40 redbacks
  15 vampire mosquitoes
  Menkaure (D:5)
  6 neqoxecs (Abyss:3)
  A skyshark zombie (Crypt:1)
  7 swamp worms
  A swamp worm (shapeshifter) (D:15)
  8 wargs
  13 harpy simulacra
  A two-headed ogre zombie (Crypt:1)
  An acid dragon (D:11)
  Edmund (D:6)
  5 hydra simulacra
  A merfolk skeleton (Crypt:1)
  11 hell hounds
  9 water moccasins
  Duvessa (D:4)
  A floating eye (shapeshifter) (Elf:3)
  2 floating eyes
  30 orc warriors
  7 swamp drakes
  2 sky beasts
  3 ice beasts
  3 radroach simulacra (Spider:1)
  A swamp dragon zombie (Swamp:4)
  A two-headed ogre skeleton (Crypt:3)
  8 black bears
  17 ogres
  An orc zombie (D:12)
  An alligator simulacrum (IceCv)
  4 ettin simulacra
  16 wolves
  5 boggarts (Vaults:1)
  A rime drake zombie (Crypt:3)
  19 centaurs
  2 swamp dragon skeletons (Swamp:4)
  2 lemures (D:6)
  3 phantoms (D:5)
  Blork the orc (D:4)
  A nameless horror (Gauntlet)
  3 kobold brigands
  6 necrophages
  10 bullfrogs
  4 gnoll sergeants
  7 deep troll simulacra (IceCv)
  A water moccasin zombie (Crypt:2)
  5 naga simulacra
  3 earth elementals
  A yaktaur skeleton (Crypt:3)
  2 scorpions
  Dowan (D:4)
  5 killer bees (D:10)
  A queen bee zombie (Crypt:2)
  A shapeshifter skeleton (Crypt:2)
  2 electric eels (Spider:4)
  6 howler monkeys
  4 lindwurm simulacra (IceCv)
  A troll skeleton (Crypt:2)
  10 orc priests
  2 hounds
  8 jellies
  Crazy Yiuf (D:2)
  A human zombie (Crypt:1)
  4 small abominations (Abyss:3)
  2 iron imps (Abyss:3)
  Terence (D:2)
  2 gnoll boudas
  5 iguanas
  Ijyb (D:4)
  12 orc wizards
  2 hell rats (Lair:5)
  A naga zombie (Crypt:2)
  An acid dragon skeleton (Crypt:3)
  2 mummies (Crypt:1)
  24 gnolls
  9 adders
  3 shadow imps
  2 white imps (D:7)
  3 ufetubi
  A worm (D:2)
  3 dart slugs (D:4)
  69 orcs
  9 endoplasms
  3 giant cockroaches
  10 goblins
  8 hobgoblins
  9 jackals
  21 kobolds
  3 quokkas
  8 ball pythons
  7 bats
  3 frilled lizards
  2 rats
  A butterfly (Swamp:2)
  2 foxfires (Swamp:1)
  2 lurking horrors (Slime:1)
  A starspawn tentacle (Abyss:3)
  A tentacle (Hell)
2342 creatures vanquished.

Vanquished Creatures (collateral kills)
  the Serpent of Hell (Coc:7)
  Tiamat (Zot:4)
  2 orbs of fire (Zot:5)
  An ancient lich (Zot:5)
  3 juggernauts
  Parghit (Zot:3)
  A Killer Klown (Zot:5)
  2 caustic shrikes
  Arachne (Spider:3)
  3 bone dragons
  An electric golem (Zot:5)
  A tentacled monstrosity (Zot:4)
  The ghost of Xutext the Spry, an adept DsAK of Lugonu (Depths:4)
  Jorgrun (Spider:2)
  5 Ice Fiends
  A lich (Crypt:3)
  Mlioglotl (Swamp:1)
  14 Orb Guardians (Zot:5)
  A walking divine tome (Depths:2)
  2 quicksilver dragons
  The ghost of Zoigrime the Blocker, an adept FoFi of Jiyva (Swamp:4)
  2 titans
  2 sphinxes
  9 acid blobs
  2 tentacled starspawn (Abyss:3)
  2 death cobs
  2 ancient champions (Crypt:3)
  A storm dragon (Zot:4)
  A shadow dragon (Depths:3)
  2 draconian monks
  2 emperor scorpions (Spider:4)
  2 rockslimes (Slime:4)
  A nargun (Coc:7)
  A vault warden (Vaults:3)
  2 fire giants
  4 azure jellies
  2 frost giants
  A draconian scorcher (Zot:2)
  A caustic shrike zombie (Crypt:3)
  A balrug (Gauntlet)
  An orc warlord (Orc:2)
  3 ghouls
  3 broodmothers
  A curse skull (Crypt:3)
  2 quicksilver oozes (Slime:5)
  5 very ugly things
  A reaper (Crypt:3)
  2 stone giants
  2 vampire knights
  2 green draconians (Depths:4)
  6 elemental wellsprings
  8 dire elephants
  5 yellow draconians (Zot:3)
  2 red draconians (Zot:4)
  3 wendigos
  2 purple draconians
  A white draconian (Zot:2)
  A bunyip (Swamp:4)
  3 black draconians
  A minotaur (Gauntlet)
  3 ettins
  3 fire dragons
  A jiangshi (Crypt:1)
  A deep elf death mage (Crypt:1)
  A shambling mangrove (Swamp:4)
  2 entropy weavers
  2 vault guards
  3 great orbs of eyes
  4 ice dragons
  2 juggernaut simulacra
  5 hydras
  A spriggan skeleton (Abyss:3)
  2 centaur warriors
  A hell beast (Depths:4)
  2 boulder beetles
  4 caustic shrike simulacra
  A catoblepas (Lair:3)
  3 alligators
  2 dancing weapons
  A two-headed ogre (D:11)
  A death knight (Abyss:3)
  4 deep troll earth magi
  9 death yaks
  The ghost of klichko the Eclecticist, a journeyman DEAE of Sif Muna (D:11)
  A soul eater (Hell)
  A spriggan berserker (Depths:2)
  A wretched star (Abyss:3)
  5 iron trolls
  2 pharaoh ants
  3 skysharks
  A quicksilver dragon simulacrum (Coc:2)
  A skeletal warrior (Crypt:3)
  12 deep trolls
  A glowing orange brain (Slime:5)
  A spectral hydra (Swamp:4)
  A flayed ghost (Depths:2)
  2 orb spiders
  A lindwurm (Vaults:4)
  6 steelbarb worms
  3 phantasmal warriors
  3 swamp dragons (Swamp:4)
  A necromancer (Crypt:2)
  3 orc knights
  6 ugly things
  2 manticores (Lair:5)
  2 shining eyes (Slime:5)
  A cyclops (D:11)
  2 orc sorcerers
  A will-o-the-wisp (Swamp:1)
  12 wolf spiders
  3 moths of wrath
  25 slime creatures
  A black mamba (Lair:5)
  An eye of devastation (Slime:5)
  A spectral radroach (Spider:1)
  2 demonic crawlers
  A stone giant skeleton (Hell)
  16 elephants (Lair:5)
  2 torpor snails
  2 smoke demons
  6 cane toads
  2 hellions
  A large abomination (Abyss:3)
  A dire elephant skeleton (Crypt:1)
  A yaktaur (Vaults:3)
  A tormentor (Depths:4)
  An anaconda simulacrum (IceCv)
  5 freezing wraiths
  2 hydra zombies (Swamp:4)
  3 komodo dragons (Lair:5)
  A death drake zombie (Swamp:4)
  A red devil (Depths:2)
  8 polar bears
  2 trolls (Orc:2)
  A shadow dragon simulacrum (Coc:1)
  8 tarantellas
  A hornet (Depths:1)
  A raiju (Abyss:3)
  A tyrant leech (Lair:3)
  2 ettin zombies
  4 blink frogs
  6 culicivoras
  27 yaks
  A vampire (D:13)
  A spriggan (Depths:1)
  4 jumping spiders
  An air elemental (Abyss:3)
  3 wyverns
  7 golden eyes
  2 basilisks
  14 redbacks
  4 fire elementals
  A vampire mosquito (Swamp:3)
  6 wargs
  4 harpy simulacra
  3 swamp worms
  A glowing shapeshifter zombie (Vaults:4)
  5 water moccasins
  12 hell hounds
  2 swamp drakes
  An alligator simulacrum (IceCv)
  18 orc warriors
  5 black bears (Lair:5)
  An ettin simulacrum (Coc:4)
  4 ogres (Orc:2)
  A swamp dragon zombie (Swamp:4)
  17 wolves
  4 centaurs
  3 deep troll simulacra (IceCv)
  A lindwurm simulacrum (IceCv)
  A human zombie (Crypt:1)
  13 jellies
  3 orc priests (Orc:2)
  An iron imp (Abyss:3)
  2 human skeletons (Crypt:1)
  2 hell rats (Lair:5)
  2 mummies (Crypt:1)
  9 orcs (Orc:2)
  2 butterflies (Lair:2)
  2 starspawn tentacles (Abyss:3)
576 creatures vanquished.

Vanquished Creatures (others)
  An elemental wellspring (Coc:5)
  An entropy weaver (Spider:2)
  A deep troll (Depths:4)
  2 deep elf pyromancers
  A vault sentinel (Vaults:3)
  A titan simulacrum (Coc:2)
  A bunyip simulacrum (Coc:2)
  A dire elephant simulacrum (Coc:2)
  A large abomination (Abyss:3)
  A floating eye (Elf:3)
  A jelly (Zot:3)
  An orc wizard (Orc:2)
  A gnoll (D:10)
  24 foxfires
  A lurking horror (Abyss:3)
  10 starspawn tentacles (Abyss:3)
  3 tentacles (Hell)
52 creatures vanquished.

Grand Total: 2970 creatures vanquished

Notes
Turn   | Place    | Note
-------+----------+-------------------------------------------
     0 | D:1      | Bnni the Formicid Earth Elementalist began the quest for
                  | the Orb.
     0 | D:1      | Reached XP level 1. HP: 13/13 MP: 3/3
   311 | D:1      | Reached XP level 2. HP: 20/20 MP: 3/5
   494 | D:1      | Learned a level 2 spell: Passwall
   751 | D:1      | Found Epogh's Antique Weapon Shop.
   849 | D:1      | Reached skill level 1 in Fighting
   849 | D:1      | Reached XP level 3. HP: 26/26 MP: 4/6
  1020 | D:1      | Learned a level 3 spell: Stone Arrow
  1314 | D:2      | Noticed Terence
  1321 | D:2      | Killed Terence
  1322 | D:2      | Reached XP level 4. HP: 14/32 MP: 2/7
  1420 | D:2      | Reached skill level 1 in Conjurations
  1463 | D:2      | Found Torrock's Antique Armour Boutique.
  1879 | D:2      | Found a glowing golden altar of the Shining One.
  2074 | D:2      | Found a runed translucent door.
  2079 | D:2      | Noticed Crazy Yiuf
  2085 | D:2      | Killed Crazy Yiuf
  2086 | D:2      | Reached XP level 5. HP: 37/37 MP: 6/9
  2245 | D:3      | Noticed Grinder
  2254 | D:3      | Killed Grinder
  2255 | D:3      | Reached skill level 5 in Earth Magic
  2255 | D:3      | Reached XP level 6. HP: 26/44 MP: 2/11
  2260 | D:3      | Learned a level 4 spell: Petrify
  2454 | D:3      | Identified the +8 short sword of Harmony {elec, MP+9}
  3025 | D:3      | Found a radiant altar of Vehumet.
  3213 | D:4      | Noticed Ijyb
  3223 | D:4      | Killed Ijyb
  3277 | D:4      | Noticed Blork the orc
  3300 | D:4      | Reached XP level 7. HP: 44/51 MP: 12/12
  3306 | D:4      | Killed Blork the orc
  3346 | D:4      | Learned a level 2 spell: Sublimation of Blood
  3381 | D:4      | Reached skill level 1 in Necromancy
  3810 | D:4      | Reached skill level 1 in Armour
  3825 | D:4      | Noticed Duvessa
  3825 | D:4      | Noticed Dowan
  4027 | D:4      | Reached XP level 8. HP: 55/58 MP: 14/14
  4781 | D:4      | HP: 2/58 [gnoll sergeant/+0 trident (11)]
  5109 | D:4      | Found Jaqig's Weapon Shoppe.
  5334 | D:4      | Killed Dowan
  5335 | D:4      | Reached skill level 1 in Shields
  5562 | D:5      | Entered Level 5 of the Dungeon
  5666 | D:5      | Found Juufria's Weapon Shoppe.
  5686 | D:5      | Reached skill level 2 in Armour
  5697 | D:5      | Identified the +1 cloak of the Maze {rPois rC- Regen+}
  5927 | D:5      | Noticed Menkaure
  5929 | D:5      | Noticed Sigmund
  5938 | D:5      | Killed Menkaure
  5939 | D:5      | Reached XP level 9. HP: 30/65 MP: 9/16
  5942 | D:5      | Killed Sigmund
  5943 | D:5      | Reached skill level 3 in Armour
  6089 | D:5      | Noticed Eustachio
  6138 | D:5      | Killed Eustachio
  6139 | D:5      | Reached skill level 5 in Spellcasting
  6305 | D:5      | Identified the +0 scale mail of Noon {Dex+3}
  6754 | D:6      | Noticed Pikel
  6763 | D:6      | Killed Pikel
  6764 | D:6      | Reached skill level 5 in Fighting
  6764 | D:6      | Reached skill level 4 in Armour
  6920 | D:6      | You fall into a shaft and drop 3 floors!
  6994 | D:9      | Noticed a troll
  6997 | D:9      | Killed a troll
  6998 | D:9      | Reached XP level 10. HP: 74/74 MP: 15/18
  7200 | D:9      | Reached skill level 5 in Shields
  7233 | D:9      | Found a shimmering altar of Xom.
  7243 | D:9      | Noticed a two-headed ogre
  7249 | D:9      | Killed a two-headed ogre
  7250 | D:9      | Reached skill level 5 in Armour
  7250 | D:9      | Reached skill level 10 in Earth Magic
  7307 | D:9      | Found a bloodstained altar of Trog.
  7415 | D:8      | Found a broken altar of Ashenzari.
  7415 | D:8      | Found an iron altar of Okawaru.
  7426 | D:8      | Found a sacrificial altar of Ru.
  7431 | D:8      | Found a shadowy altar of Dithmenos.
  7447 | D:8      | Noticed a deep elf pyromancer
  7456 | D:8      | Killed a deep elf pyromancer
  7594 | D:8      | Found a shimmering blue altar of Sif Muna.
  7647 | D:8      | Identified the +0 robe of Trial and Error {rPois rF+++
                  | Dex+3 Stlth-}
  7989 | D:6      | Noticed Edmund
  7993 | D:6      | Killed Edmund
  8427 | D:4      | Killed Duvessa
  8675 | D:7      | Found a staircase to the Ecumenical Temple.
  8685 | Temple   | Entered the Ecumenical Temple
  8895 | Temple   | Became a worshipper of Cheibriados the Contemplative
  8965 | D:7      | Reached XP level 11. HP: 83/83 MP: 15/21
  9039 | D:7      | Reached skill level 1 in Invocations
  9043 | D:7      | Reached * piety under Cheibriados
  9055 | D:7      | Reached skill level 6 in Armour
  9330 | D:7      | Learned a level 5 spell: Lee's Rapid Deconstruction
  9331 | D:7      | Identified the +2 robe of the Eternal Void {Int+3}
  9370 | D:7      | Noticed a boulder beetle
  9390 | D:7      | Killed a boulder beetle
  9924 | D:7      | Identified the +2 shortbow of Cheibriados, Sharing {drain,
                  | rElec Int+2}
  9929 | D:7      | Identified the +0 long sword of Defiance {antimagic, rCorr
                  | Str+2 Dex+5}
  9930 | D:7      | Identified the ring "Geaviac" {EV+5 Dex+5}
 10181 | D:7      | Reached ** piety under Cheibriados
 10697 | D:9      | Found Piapukhlux's Weapon Emporium.
 10705 | D:9      | Found a staircase to the Orcish Mines.
 10825 | D:9      | Found a staircase to the Lair.
 10827 | D:9      | Found Buruw's Armour Emporium.
 10840 | D:9      | Bought a +2 chain mail of poison resistance for 314 gold
                  | pieces
 10992 | D:9      | Noticed Maurice
 11003 | D:9      | Killed Maurice
 11082 | D:9      | Reached skill level 5 in Invocations
 11436 | D:9      | Identified 4 scrolls of acquirement
 11436 | D:9      | Acquired a book of Iron
 11443 | D:9      | Learned a level 4 spell: Animate Armour
 11444 | D:10     | Entered Level 10 of the Dungeon
 11470 | D:10     | Reached *** piety under Cheibriados
 11529 | D:10     | Noticed Lodul
 11569 | D:10     | Killed Lodul
 11570 | D:10     | Reached skill level 1 in Summonings
 11584 | D:10     | Reached XP level 12. HP: 81/91 MP: 23/23
 11674 | D:10     | Reached skill level 7 in Armour
 11971 | D:10     | Found a glowing silver altar of Zin.
 11975 | D:10     | Reached **** piety under Cheibriados
 12747 | D:11     | Found a gate leading to a gauntlet.
 12761 | D:11     | Identified the +0 robe of Insatiable Hunger {Int+3 Dex+3}
 12776 | Gauntlet | Entered a Gauntlet
 12776 | Gauntlet | Found a runed translucent door.
 12776 | Gauntlet | Found a transporter.
 12783 | Gauntlet | Found a runed translucent door.
 12785 | Gauntlet | Found a transporter.
 12788 | Gauntlet | Found a transporter.
 12789 | Gauntlet | Found a transporter.
 12800 | Gauntlet | Found a transporter.
 12801 | Gauntlet | Found a transporter.
 12805 | Gauntlet | Found a transporter.
 12809 | Gauntlet | Found a transporter.
 12812 | Gauntlet | Found a transporter.
 12813 | Gauntlet | Found a transporter.
 12815 | Gauntlet | Noticed a dire elephant
 12824 | Gauntlet | Found a transporter.
 12824 | Gauntlet | Found a transporter.
 12825 | Gauntlet | Found a transporter.
 12828 | Gauntlet | Noticed a balrug
 12834 | Gauntlet | Found a transporter.
 12921 | Gauntlet | Identified the +1 barding of Philately {Contam Rampage
                  | Str+5}
 13203 | Gauntlet | Killed a dire elephant
 13326 | Gauntlet | Identified the ring "Asozyo Zoin" {rC+++ EV+5}
 13391 | Gauntlet | Killed a balrug
 13447 | Gauntlet | Noticed a minotaur
 13455 | Gauntlet | Killed a minotaur
 13456 | Gauntlet | Reached skill level 8 in Armour
 13576 | D:11     | Learned a level 6 spell: Iron Shot
 13619 | D:11     | Noticed a two-headed ogre
 13626 | D:11     | Found a runed translucent gate.
 13626 | D:11     | Found a runed translucent gate.
 13626 | D:11     | Noticed klichko's ghost (journeyman DEAE)
 13628 | D:11     | Found a runed translucent gate.
 13630 | D:11     | Noticed a two-headed ogre
 13781 | D:11     | Reached XP level 13. HP: 98/98 MP: 14/25
 14035 | D:11     | Reached skill level 10 in Shields
 14106 | D:11     | Noticed Psyche
 14108 | D:11     | Psyche changed into Psyche the ice beast
 14108 | D:11     | Noticed Psyche
 14120 | D:11     | Killed Psyche the ice beast
 14291 | D:11     | Reached ***** piety under Cheibriados
 14294 | D:11     | Killed klichko's ghost
 14444 | D:12     | Found a transporter.
 14733 | D:12     | Found a transporter.
 14757 | D:12     | Noticed a fire dragon
 14766 | D:12     | Killed a fire dragon
 14767 | D:12     | Reached skill level 5 in Conjurations
 15366 | D:13     | Reached skill level 9 in Armour
 15422 | D:13     | Noticed a centaur warrior
 15430 | D:13     | Killed a centaur warrior
 15506 | D:13     | Found a gate to the Vaults.
 16337 | Lair:1   | Entered Level 1 of the Lair of Beasts
 16520 | Lair:1   | Reached XP level 14. HP: 105/106 MP: 22/26
 17360 | Lair:2   | Found a hole to the Spider Nest.
 17444 | Lair:2   | Reached skill level 10 in Armour
 18091 | Lair:3   | You fall into a shaft and drop 1 floor!
 18231 | Lair:3   | Reached ****** piety under Cheibriados
 18232 | Lair:3   | Reached skill level 10 in Invocations
 18909 | Lair:3   | Found a staircase to the Swamp.
 19708 | Lair:4   | Found a runed translucent gate.
 19708 | Lair:4   | Found a runed translucent gate.
 19708 | Lair:4   | Found a runed translucent gate.
 19708 | Lair:4   | Noticed an acid blob
 19709 | Lair:4   | Noticed an azure jelly
 19709 | Lair:4   | Noticed an acid blob
 19709 | Lair:4   | Noticed an acid blob
 19709 | Lair:4   | Noticed an acid blob
 19710 | Lair:4   | Found a viscous altar of Jiyva.
 19710 | Lair:4   | Noticed Juirae's ghost (journeyman TrMo)
 19710 | Lair:4   | Noticed an azure jelly
 19710 | Lair:4   | Noticed a rockslime
 19710 | Lair:4   | Noticed an acid blob
 19710 | Lair:4   | Noticed an azure jelly
 19711 | Lair:4   | Noticed a quicksilver ooze
 20115 | Lair:5   | Entered Level 5 of the Lair of Beasts
 20125 | Lair:5   | Reached XP level 15. HP: 95/114 MP: 22/28
 20321 | Lair:5   | Found a viscous altar of Jiyva.
 20418 | Lair:5   | Found a staircase to the Slime Pits.
 20429 | Lair:5   | Reached skill level 15 in Shields
 20457 | Lair:5   | Reached skill level 15 in Earth Magic
 20560 | Lair:5   | Reached skill level 11 in Armour
 20789 | Lair:5   | Identified the -1 pair of gloves of an ossuary {-Tele
                  | Rampage Int+10 Stlth-}
 20982 | Lair:5   | Reached skill level 10 in Fighting
 21884 | Lair:5   | Reached XP level 16. HP: 118/122 MP: 12/29
 22241 | Lair:5   | Identified the +8 hand axe "Ixongivewoi" {flame, rF+ rC+
                  | Will+ Dex+4}
 22407 | Orc:1    | Entered Level 1 of the Orcish Mines
 22460 | Orc:2    | Entered Level 2 of the Orcish Mines
 22566 | Orc:2    | Reached skill level 12 in Armour
 22750 | Orc:2    | Reached skill level 10 in Spellcasting
 22988 | Orc:2    | Found Houhuuli's Mass Market.
 22989 | Orc:2    | Found Vodinn's General Store.
 23042 | Orc:2    | Found a staircase to the Elven Halls.
 23145 | Orc:2    | Found Isekh's Distillery.
 23145 | Orc:2    | Found Raimov's Book Emporium.
 23147 | Orc:2    | Found Wicsar's Assorted Antiques.
 23149 | Orc:2    | Found Ucaraz's Weapon Boutique.
 23649 | Orc:2    | Identified the ring of Joul {rElec rF+}
 23902 | Orc:2    | Identified the staff of poison "Qassetz" {Fragile rPois
                  | Dex+4}
 23924 | Orc:2    | Got the Vellum of Wounds and the Gestalt
 24205 | Orc:2    | Bought a book of Death for 528 gold pieces
 24205 | Orc:2    | Acquired 838 gold pieces
 24207 | Orc:2    | Acquired 713 gold pieces
 24299 | Spider:1 | Entered Level 1 of the Spider Nest
 24640 | Spider:1 | Found a runed translucent gate.
 24640 | Spider:1 | Found a runed translucent gate.
 24640 | Spider:1 | Found a runed translucent gate.
 24645 | Spider:1 | Noticed hitsuchi's ghost (adept DECj)
 24658 | Spider:1 | Killed hitsuchi's ghost
 24687 | Spider:1 | Identified the ring of Vureap {Fly rC+}
 25168 | Orc:2    | Bought a potion of heal wounds for 55 gold pieces
 25168 | Orc:2    | Bought a potion of curing for 33 gold pieces
 25168 | Orc:2    | Bought a potion of curing for 33 gold pieces
 25195 | Orc:2    | Bought 6 curare-tipped darts for 86 gold pieces
 25195 | Orc:2    | Bought a potion of curing for 36 gold pieces
 26480 | Spider:1 | Acquired the Incunabulum of the Kindled Quake
 26494 | Spider:2 | Reached XP level 17. HP: 121/130 MP: 22/31
 26573 | Spider:2 | Identified the +7 kite shield of the Weak God {rF+ Will+
                  | Dex+3}
 26573 | Spider:2 | Noticed Asterion
 26573 | Spider:2 | Noticed Jorgrun
 26580 | Spider:2 | Killed Asterion
 26586 | Spider:2 | Killed Jorgrun
 26940 | Spider:2 | Reached skill level 13 in Armour
 27058 | Spider:2 | You fall into a shaft and drop 1 floor!
 27098 | Spider:3 | Noticed Azrael
 27104 | Spider:3 | Killed Azrael
 27167 | Spider:3 | Found a frozen archway.
 27181 | IceCv    | Entered an ice cave
 28552 | Spider:3 | Noticed Arachne
 28572 | Spider:3 | Killed Arachne
 28573 | Spider:3 | Reached skill level 10 in Conjurations
 28752 | Spider:3 | Reached XP level 18. HP: 135/139 MP: 18/33
 28842 | Spider:3 | Reached skill level 14 in Armour
 29680 | Spider:4 | Entered Level 4 of the Spider Nest
 31335 | Spider:4 | Got a gossamer rune of Zot
 31481 | Spider:4 | Reached skill level 15 in Armour
 31861 | Spider:2 | Reached XP level 19. HP: 147/147 MP: 26/34
 31869 | Spider:2 | Identified the +5 chain mail of the Miller {Harm Regen+}
 32597 | Swamp:1  | Entered Level 1 of the Swamp
 32777 | Swamp:1  | Noticed Mlioglotl
 32783 | Swamp:1  | Killed Mlioglotl
 32786 | Swamp:1  | Noticed Aizul
 32796 | Swamp:1  | HP: 3/148 [poisoned by Aizul (bolt of poison)]
 32798 | Swamp:1  | Noticed Kirke
 32800 | Swamp:1  | Killed Aizul
 32807 | Swamp:1  | Killed Kirke
 33946 | Swamp:2  | Learned a level 5 spell: Borgnjor's Vile Clutch
 34233 | Swamp:3  | HP: 3/148 [tyrant leech (23)]
 34403 | Swamp:3  | Reached skill level 16 in Armour
 34871 | Swamp:4  | Entered Level 4 of the Swamp
 34872 | Swamp:4  | Found a runed translucent gate.
 34872 | Swamp:4  | Found a runed translucent gate.
 34872 | Swamp:4  | Found a runed translucent gate.
 34873 | Swamp:4  | Noticed Zoigrime's ghost (adept FoFi)
 34887 | Swamp:4  | Killed Zoigrime's ghost
 35110 | Swamp:4  | Reached XP level 20. HP: 114/156 MP: 15/36
 35313 | Swamp:4  | Found a blossoming altar of Fedhas.
 35473 | Swamp:4  | Got a decaying rune of Zot
 35492 | Swamp:4  | Found a basalt altar of Yredelemnul.
 35757 | Swamp:4  | Noticed Louise
 35768 | Swamp:4  | Killed Louise
 35933 | Swamp:4  | Found the +10 tower shield of Ignorance {rN+ Int-4}
 35948 | Swamp:4  | Learned a level 1 spell: Apportation
 36684 | D:14     | Identified the +1 leather armour of Bynnul {rPois Will+}
 37123 | D:15     | Entered Level 15 of the Dungeon
 38013 | D:15     | Found a staircase to the Depths.
 38283 | Depths:1 | Entered Level 1 of the Depths
 38288 | Depths:1 | Reached skill level 17 in Armour
 38355 | Depths:1 | Identified the +14 plate armour of the Ecumenical Temple
                  | {rCorr Int-5 Dex+3}
 38362 | Depths:1 | Identified the ring of Ysagaann {Ice rCorr Str-4 Int+2
                  | SInv}
 39065 | Depths:1 | Reached XP level 21. HP: 134/164 MP: 38/38
 39085 | Depths:1 | Noticed Saint Roka
 39101 | Depths:1 | Killed Saint Roka
 39506 | Depths:1 | Found a gateway to Hell.
 40609 | Depths:2 | Noticed a caustic shrike
 40609 | Depths:2 | Noticed a juggernaut
 40619 | Depths:2 | Killed a juggernaut
 40626 | Depths:2 | Killed a caustic shrike
 40641 | Depths:2 | Reached skill level 18 in Armour
 40768 | Depths:2 | Noticed a juggernaut
 40774 | Depths:2 | Killed a juggernaut
 40861 | Depths:2 | Identified the +6 arbalest of Causality {penet, Str+2}
 41665 | Depths:2 | Noticed a golden dragon
 41670 | Depths:2 | Killed a golden dragon
 41756 | Depths:2 | Found a one-way gate to the infinite horrors of the Abyss.
 41849 | Depths:2 | Found a one-way gate leading to the halls of Pandemonium.
 42194 | Depths:3 | Noticed a juggernaut
 42194 | Depths:3 | Noticed a caustic shrike
 42194 | Depths:3 | Noticed a caustic shrike
 42194 | Depths:3 | Noticed a caustic shrike
 42197 | Depths:3 | Killed a caustic shrike
 42199 | Depths:3 | Killed a caustic shrike
 42200 | Depths:3 | Killed a caustic shrike
 42201 | Depths:3 | Reached XP level 22. HP: 157/173 MP: 15/39
 42208 | Depths:3 | Killed a juggernaut
 42312 | Depths:3 | Identified the +1 hand axe "Efradeh" {holy, rC- SInv
                  | Stlth+}
 42808 | Depths:3 | Found a one-way gateway to a ziggurat.
 43250 | Depths:3 | Noticed a caustic shrike
 43251 | Depths:3 | Noticed a caustic shrike
 43251 | Depths:3 | Noticed a caustic shrike
 43255 | Depths:3 | Killed a caustic shrike
 43260 | Depths:3 | Killed a caustic shrike
 43261 | Depths:3 | Reached skill level 15 in Fighting
 43261 | Depths:3 | Reached skill level 19 in Armour
 43261 | Depths:3 | Killed a caustic shrike
 43494 | Depths:4 | Entered Level 4 of the Depths
 43533 | Depths:4 | Noticed a golden dragon
 43536 | Depths:4 | Noticed a bone dragon
 43541 | Depths:4 | Killed a bone dragon
 43541 | Depths:4 | Killed a golden dragon
 43644 | Depths:4 | Noticed a bone dragon
 43654 | Depths:4 | Killed a bone dragon
 43751 | Depths:4 | Found a gate to the Realm of Zot.
 43836 | Depths:4 | Noticed Grunn
 44076 | Depths:4 | Reached XP level 23. HP: 180/181 MP: 33/41
 44098 | Depths:4 | Killed Grunn
 44764 | Depths:4 | Found a runed translucent gate.
 44764 | Depths:4 | Found a runed translucent gate.
 44764 | Depths:4 | Found a runed translucent gate.
 44764 | Depths:4 | Noticed Xutext's ghost (adept DsAK)
 44777 | Depths:4 | Learned a level 8 spell: Lehudib's Crystal Spear
 44787 | Depths:4 | Learned a level 9 spell: Shatter
 44815 | Depths:4 | Killed Xutext's ghost
 45516 | Vaults:1 | Entered Level 1 of the Vaults
 45765 | Vaults:1 | Reached skill level 20 in Armour
 46708 | Vaults:1 | Found Dupiliwu's General Store.
 46713 | Vaults:1 | Bought a phantom mirror for 560 gold pieces
 46713 | Vaults:1 | Bought a potion of heal wounds for 70 gold pieces
 47319 | Vaults:2 | Reached XP level 24. HP: 189/190 MP: 38/41
 47436 | Vaults:2 | Reached skill level 5 in Necromancy
 47579 | Vaults:2 | Reached skill level 15 in Spellcasting
 47757 | Vaults:2 | Found a staircase to the Crypt.
 48482 | Vaults:3 | Found Cyuwk's Assorted Antiques.
 49084 | Vaults:3 | Reached skill level 21 in Armour
 49090 | Vaults:3 | Noticed Zenata
 49099 | Vaults:3 | Killed Zenata
 49891 | Vaults:3 | Reached XP level 25. HP: 199/199 MP: 31/42
 50038 | Vaults:4 | Noticed Sojobo
 50042 | Vaults:4 | Killed Sojobo
 50872 | Vaults:4 | Found Kycwigam's Magic Scroll Shoppe.
 50886 | Vaults:4 | Noticed Donald
 50917 | Vaults:4 | Killed Donald
 51331 | Crypt:1  | Entered Level 1 of the Crypt
 51901 | Crypt:1  | Noticed Margery
 51913 | Crypt:1  | Killed Margery
 52105 | Crypt:1  | Identified the +8 hand axe of Armageddon {heavy, rC+++ rN+
                  | Str-4 Int-3}
 52112 | Crypt:1  | Noticed Boris
 52123 | Crypt:1  | Killed Boris
 52551 | Crypt:2  | Reached skill level 22 in Armour
 53387 | Crypt:3  | Entered Level 3 of the Crypt
 53419 | Crypt:3  | Learned a level 7 spell: Spellforged Servitor
 53583 | Crypt:3  | Noticed Xtahua
 53588 | Crypt:3  | Killed Xtahua
 53597 | Crypt:3  | Reached XP level 26. HP: 148/208 MP: 38/43
 53757 | Crypt:3  | Reached skill level 5 in Summonings
 54096 | Crypt:3  | Found the +6 Majin-Bo {spellvamp, MP+6 Int+6}
 54301 | Crypt:3  | Noticed a dread lich
 54301 | Crypt:3  | Noticed an ancient lich
 54303 | Crypt:3  | Killed an ancient lich
 54304 | Crypt:3  | Killed a dread lich
 54306 | Crypt:3  | Noticed an ancient lich
 54306 | Crypt:3  | Noticed an ancient lich
 54309 | Crypt:3  | Killed an ancient lich
 54311 | Crypt:3  | Killed an ancient lich
 54880 | Crypt:3  | Found a staircase to the Tomb.
 55353 | Slime:1  | Entered Level 1 of the Pits of Slime
 55369 | Slime:1  | Gained mutation: You are clumsy. (Dex -2) [a shining eye]
 55370 | Slime:1  | Gained mutation: Your flesh is heat resistant. (rF+) [a
                  | shining eye]
 55632 | Slime:5  | Entered Level 5 of the Pits of Slime
 55829 | Slime:5  | Found a viscous altar of Jiyva.
 55830 | Slime:5  | Noticed the Royal Jelly
 55846 | Slime:5  | Reached skill level 15 in Conjurations
 55849 | Slime:5  | Killed the Royal Jelly
 56089 | Slime:5  | Gained mutation: You occasionally lose the ability to drink
                  | potions when taking damage. [a shining eye]
 56092 | Slime:5  | Gained mutation: Armour fits poorly on your strangely
                  | shaped body. [a shining eye]
 56093 | Slime:5  | Gained mutation: You are weak. (Str -2) [a shining eye]
 56094 | Slime:5  | Gained mutation: Your body sometimes deteriorates upon
                  | taking damage. [a shining eye]
 56095 | Slime:5  | Gained mutation: Your magical capacity is low. (-10% MP) [a
                  | shining eye]
 56228 | Slime:5  | Lost mutation: Your flesh is heat resistant. (rF+) [a
                  | shining eye]
 56234 | Slime:5  | Gained mutation: Your spells are a little easier to cast,
                  | but a little less powerful. [a shining eye]
 56379 | Slime:5  | Gained mutation: You have hidden genetic potential. [a
                  | shining eye]
 56382 | Slime:5  | Gained mutation: Your spells are easier to cast, but less
                  | powerful. [a shining eye]
 56415 | Slime:5  | Found the ring of the Mage {Wiz Archmagi}
 56429 | Slime:5  | Got the Compendium of Doomed Mustering
 56453 | Slime:5  | Got a slimy rune of Zot
 56460 | Slime:5  | Identified the +1 scale mail of Hodwatet {rElec rF++ rN++}
 56481 | Slime:5  | Identified the ring "Iroedwups" {rElec Str+6 Stlth+}
 56509 | Slime:5  | Identified the +6 great sword "Wixawic" {flame, *Rage rCorr
                  | Dex+2}
 56512 | Slime:5  | Identified the +0 ring mail "Gixzulo" {Str+3}
 56729 | Elf:1    | Entered Level 1 of the Elven Halls
 56816 | Elf:1    | Acquired 886 gold pieces
 57339 | Elf:1    | Reached skill level 23 in Armour
 57648 | Elf:1    | Found Gyoquh's Book Boutique.
 57649 | Elf:1    | Found Guczur's Jewellery Emporium.
 57650 | Elf:1    | Found Resta's Book Boutique.
 57737 | Elf:1    | Reached XP level 27. HP: 214/215 MP: 28/39
 58226 | Elf:2    | Found Gioq's Tiny Tomes.
 58231 | Elf:2    | Bought the Excursus on Shapes for 342 gold pieces
 58723 | Elf:2    | Found a runed translucent gate.
 58723 | Elf:2    | Found a runed translucent gate.
 58723 | Elf:2    | Found a runed translucent gate.
 59135 | Elf:3    | Entered Level 3 of the Elven Halls
 59901 | Abyss:3  | Cast into level 3 of the Abyss (a deep elf demonologist)
 59917 | Abyss:3  | Found a corrupted altar of Lugonu.
 60068 | Abyss:3  | Identified the amulet of Mirth {RegenMP Slay+2}
 60114 | Abyss:3  | Gained mutation: Your magical capacity is very low. (-20%
                  | MP) [a shining eye]
 60119 | Abyss:3  | Gained mutation: You are dopey. (Int -2) [a shining eye]
 60287 | Abyss:3  | Gained mutation: You are partially covered in iridescent
                  | scales. (AC +2) [hidden potential]
 60289 | Abyss:3  | Lost mutation: You are partially covered in iridescent
                  | scales. (AC +2) [potion of mutation]
 60289 | Abyss:3  | Lost mutation: You are weak. (Str -2) [potion of mutation]
 60289 | Abyss:3  | Lost mutation: You are clumsy. (Dex -2) [potion of
                  | mutation]
 60290 | Abyss:3  | Lost mutation: Armour fits poorly on your strangely shaped
                  | body. [potion of mutation]
 60290 | Abyss:3  | Lost mutation: Your spells are easier to cast, but less
                  | powerful. [potion of mutation]
 60290 | Abyss:3  | Gained mutation: You possess an exceptional clarity of
                  | mind. [potion of mutation]
 60290 | Abyss:3  | Lost mutation: Your body sometimes deteriorates upon taking
                  | damage. [potion of mutation]
 60290 | Abyss:3  | Gained mutation: You have large cloven feet. [potion of
                  | mutation]
 60291 | Abyss:3  | Lost mutation: You possess an exceptional clarity of mind.
                  | [potion of mutation]
 60291 | Abyss:3  | Lost mutation: Your spells are a little easier to cast, but
                  | a little less powerful. [potion of mutation]
 60291 | Abyss:3  | Lost mutation: You are dopey. (Int -2) [potion of mutation]
 60291 | Abyss:3  | Gained mutation: You have great hidden genetic potential.
                  | [potion of mutation]
 60291 | Abyss:3  | Gained mutation: You are agile. (Dex +4, Str/Int -1)
                  | [potion of mutation]
 60292 | Abyss:3  | Lost mutation: Your magical capacity is very low. (-20% MP)
                  | [potion of mutation]
 60292 | Abyss:3  | Lost mutation: You are agile. (Dex +4, Str/Int -1) [potion
                  | of mutation]
 60292 | Abyss:3  | Lost mutation: Your magical capacity is low. (-10% MP)
                  | [potion of mutation]
 60292 | Abyss:3  | Gained mutation: You are vulnerable to cold. (rC-) [potion
                  | of mutation]
 60292 | Abyss:3  | Gained mutation: You are clumsy. (Dex -2) [potion of
                  | mutation]
 60292 | Abyss:3  | Gained mutation: You are strong-willed. (Will+) [potion of
                  | mutation]
 60293 | Abyss:3  | Lost mutation: You are vulnerable to cold. (rC-) [potion of
                  | mutation]
 60293 | Abyss:3  | Lost mutation: You are clumsy. (Dex -2) [potion of
                  | mutation]
 60293 | Abyss:3  | Lost mutation: You are strong-willed. (Will+) [potion of
                  | mutation]
 60293 | Abyss:3  | Gained mutation: Your muscles are strong. (Str +4, Int/Dex
                  | -1) [potion of mutation]
 60574 | Abyss:3  | Found a basalt altar of Yredelemnul.
 60608 | Abyss:3  | Got an abyssal rune of Zot
 60735 | Abyss:3  | Found a corrupted altar of Lugonu.
 60753 | Elf:3    | Escaped the Abyss
 60756 | Elf:3    | Reached skill level 10 in Summonings
 60932 | Elf:3    | Identified the +4 executioner's axe of Annihilation {venom,
                  | MP-9 Str-5 Int+8 SInv}
 60932 | Elf:3    | Identified the +0 robe of Qugim {Dex+3}
 60932 | Elf:3    | Identified the ring "Tonenet" {rC+ rN+ rCorr Int-4 Dex+3}
 60964 | Elf:3    | Identified the +4 dagger of the Queen {flame, Dex+2}
 60977 | Elf:3    | Got the Secrets of Transmogrification
 60979 | Elf:3    | Identified the staff of conjuration "Lafuho" {rElec rN+++
                  | MP-9 SInv}
 60998 | Elf:3    | Identified the +5 sling of Baleful Tenacity {heavy, Dex+2}
 61000 | Elf:3    | Acquired 525 gold pieces
 61461 | Vaults:5 | Entered Level 5 of the Vaults
 61467 | Vaults:5 | Noticed Frederick
 61469 | Vaults:5 | Killed Frederick
 61470 | Vaults:5 | Reached skill level 24 in Armour
 61473 | Vaults:5 | Reached skill level 5 in Dodging
 61473 | Vaults:5 | Noticed Jory
 61477 | Vaults:5 | Killed Jory
 61479 | Vaults:5 | Reached skill level 10 in Necromancy
 61639 | Vaults:5 | Identified the ring "Exoile Bita" {Drain rPois rF+ Int+6
                  | SInv}
 62036 | Vaults:5 | Gained mutation: Your spells are a little harder to cast,
                  | but a little more powerful. [hidden potential]
 62036 | Vaults:5 | Lost mutation: You have great hidden genetic potential.
                  | [hidden potential expressed]
 62053 | Vaults:5 | Identified the +7 war axe "Haos" {flame, Int+2}
 62687 | Vaults:5 | Got a silver rune of Zot
 63634 | Orc:2    | Bought a manual of Transmutations for 960 gold pieces
 63936 | Zot:1    | Entered Level 1 of the Realm of Zot
 64775 | Zot:1    | Reached skill level 5 in Transmutations
 65025 | Zot:1    | Identified the +11 flail "Ogrebane" {holy, +Blink Str+5
                  | Int-2 Dex+2}
 65378 | Zot:2    | Reached skill level 25 in Armour
 65960 | Zot:2    | Noticed an orb of fire
 65966 | Zot:2    | Killed an orb of fire
 65997 | Zot:2    | Gained mutation: Your mind is acute. (Int +4, Str/Dex -1)
                  | [hidden potential]
 67195 | Zot:3    | Noticed Parghit
 67201 | Zot:3    | Killed Parghit
 69423 | Zot:4    | Found the +4 dragonskin cloak
 69423 | Zot:4    | Noticed Tiamat
 69438 | Zot:4    | Killed Tiamat
 69439 | Zot:4    | Reached skill level 10 in Transmutations
 70128 | Zot:4    | Noticed a Killer Klown
 70131 | Zot:4    | a Killer Klown changed into a juggernaut
 70131 | Zot:4    | Noticed a juggernaut
 70136 | Zot:4    | Killed a juggernaut
 70431 | Zot:4    | Noticed an orb of fire
 70434 | Zot:4    | Killed an orb of fire
 70560 | Zot:4    | Lost mutation: Your spells are a little harder to cast, but
                  | a little more powerful. [potion of mutation]
 70560 | Zot:4    | Lost mutation: You have hidden genetic potential. [potion
                  | of mutation]
 70560 | Zot:4    | Lost mutation: You occasionally lose the ability to drink
                  | potions when taking damage. [potion of mutation]
 70560 | Zot:4    | Gained mutation: You are frail. (-10% HP) [potion of
                  | mutation]
 70560 | Zot:4    | Lost mutation: Your muscles are strong. (Str +4, Int/Dex
                  | -1) [potion of mutation]
 70561 | Zot:4    | Lost mutation: Your mind is acute. (Int +4, Str/Dex -1)
                  | [potion of mutation]
 70561 | Zot:4    | Lost mutation: You are frail. (-10% HP) [potion of
                  | mutation]
 70561 | Zot:4    | Lost mutation: You have large cloven feet. [potion of
                  | mutation]
 70561 | Zot:4    | Gained mutation: You expend magic power (3 MP) to
                  | strengthen your wands. [potion of mutation]
 70561 | Zot:4    | Gained mutation: You are partially covered in iridescent
                  | scales. (AC +2) [potion of mutation]
 70570 | Zot:4    | Learned a level 7 spell: Haunt
 70584 | Zot:5    | Entered Level 5 of the Realm of Zot
 70707 | Zot:5    | Noticed an ancient lich
 70714 | Zot:5    | Killed an ancient lich
 70717 | Zot:5    | Acquired the amulet "Eguacs" {rElec Regen+ Str+2 Slay+3}
 70966 | Zot:5    | Learned a level 5 spell: Yara's Violent Unravelling
 71374 | Zot:5    | Noticed a Killer Klown
 71376 | Zot:5    | Killed a Killer Klown
 71417 | Zot:5    | Noticed an orb of fire
 71425 | Zot:5    | Killed an orb of fire
 71426 | Zot:5    | Reached skill level 26 in Armour
 71638 | Zot:5    | Noticed a Killer Klown
 71646 | Zot:5    | Killed a Killer Klown
 71676 | Zot:5    | Gained mutation: You occasionally shout uncontrollably at
                  | your foes. [mutagenic glow]
 71690 | Zot:5    | Noticed an orb of fire
 71693 | Zot:5    | Gained mutation: You have an increased reservoir of magic.
                  | (+10% MP) [an orb of fire]
 71695 | Zot:5    | Killed an orb of fire
 71701 | Zot:5    | Gained mutation: You are frail. (-10% HP) [mutagenic glow]
 71712 | Zot:5    | Gained mutation: You occasionally lose the ability to drink
                  | potions when taking damage. [mutagenic glow]
 71729 | Zot:5    | Noticed a Killer Klown
 71736 | Zot:5    | Noticed a Killer Klown
 71742 | Zot:5    | Killed a Killer Klown
 71746 | Zot:5    | Killed a Killer Klown
 71809 | Zot:5    | Noticed an orb of fire
 71810 | Zot:5    | Gained mutation: You frequently scream uncontrollably at
                  | your foes. [an orb of fire]
 71814 | Zot:5    | Killed an orb of fire
 71814 | Zot:5    | Noticed an orb of fire
 71819 | Zot:5    | Killed an orb of fire
 71849 | Zot:5    | Noticed an orb of fire
 71851 | Zot:5    | Gained mutation: You have hidden genetic defects. [an orb
                  | of fire]
 71855 | Zot:5    | Killed an orb of fire
 71905 | Zot:5    | Noticed an orb of fire
 71911 | Zot:5    | Gained mutation: You are clumsy. (Dex -2) [an orb of fire]
 71912 | Zot:5    | Killed an orb of fire
 72328 | Zot:5    | Lost mutation: You are clumsy. (Dex -2) [potion of
                  | mutation]
 72328 | Zot:5    | Lost mutation: You expend magic power (3 MP) to strengthen
                  | your wands. [potion of mutation]
 72328 | Zot:5    | Lost mutation: You are partially covered in iridescent
                  | scales. (AC +2) [potion of mutation]
 72328 | Zot:5    | Lost mutation: You are frail. (-10% HP) [potion of
                  | mutation]
 72329 | Zot:5    | Lost mutation: You have hidden genetic defects. [potion of
                  | mutation]
 72329 | Zot:5    | Lost mutation: You frequently scream uncontrollably at your
                  | foes. [potion of mutation]
 72329 | Zot:5    | Gained mutation: You are robust. (+10% HP) [potion of
                  | mutation]
 72329 | Zot:5    | Gained mutation: Your muscles are strong. (Str +4, Int/Dex
                  | -1) [potion of mutation]
 72330 | Zot:5    | Lost mutation: Your muscles are strong. (Str +4, Int/Dex
                  | -1) [potion of mutation]
 72330 | Zot:5    | Lost mutation: You occasionally shout uncontrollably at
                  | your foes. [potion of mutation]
 72330 | Zot:5    | Gained mutation: You expend magic power (3 MP) to
                  | strengthen your wands. [potion of mutation]
 72330 | Zot:5    | Lost mutation: You occasionally lose the ability to drink
                  | potions when taking damage. [potion of mutation]
 72582 | Hell     | Entered the Vestibule of Hell
 72582 | Hell     | Noticed Geryon
 72587 | Hell     | Killed Geryon
 72763 | Hell     | Reached skill level 15 in Necromancy
 72966 | Hell     | Found a gateway to the ashen valley of Gehenna.
 73093 | Hell     | Found a gateway to the Iron City of Dis.
 73148 | Hell     | Found a gateway to the freezing wastes of Cocytus.
 73375 | Hell     | Found a gateway to the decaying netherworld of Tartarus.
 73418 | Coc:1    | Entered Level 1 of Cocytus
 73586 | Coc:2    | Noticed a shard shrike
 73586 | Coc:2    | Noticed a shard shrike
 73586 | Coc:2    | Noticed a shard shrike
 73588 | Coc:2    | Killed a shard shrike
 73588 | Coc:2    | Killed a shard shrike
 73588 | Coc:2    | Killed a shard shrike
 73942 | Coc:3    | Noticed a shard shrike
 73943 | Coc:3    | Noticed a shard shrike
 73945 | Coc:3    | Killed a shard shrike
 73945 | Coc:3    | Killed a shard shrike
 74379 | Coc:6    | Reached skill level 27 in Armour
 74617 | Coc:7    | Entered Level 7 of Cocytus
 74844 | Coc:7    | Noticed a shard shrike
 74850 | Coc:7    | Reached skill level 10 in Dodging
 74851 | Coc:7    | Killed a shard shrike
 74857 | Coc:7    | Noticed the Serpent of Hell
 74863 | Coc:7    | HP: 7/249 [the Serpent of Hell (13)]
 74863 | Coc:7    | Killed the Serpent of Hell
 74865 | Coc:7    | HP: 3/249 [titan/bolt of lightning (2)]
 74870 | Coc:7    | Killed from afar by a titan

Illustrated notes

Levels and vault maps discovered:
D:1:      roderic_crossed_star, layout_basic, serial_shops, shop, minivault_14,
          minmay_surrounded
D:2:      minmay_angry_zag, layout_basic, serial_shops,
          nicolae_shop_back_alley_shop, basic_altar, minmay_misc_feat_hallway,
          uniq_terence, uniq_crazy_yiuf_cottage
D:3:      layout_basic, lemuel_coloured_pillars_altar, uniq_grinder
D:4:      layout_basic, serial_shops, shop, minmay_unequal, uniq_ijyb,
          uniq_blork_the_orc, uniq_duvessa
D:5:      layout_rooms, serial_shops, nicolae_shop_back_alley_shop,
          wad_woods_river_04, uniq_menkaure, uniq_sigmund, uniq_eustachio
D:6:      layout_loops_ring, minmay_misc_feat_five,
          chequers_serial_rivers_small_3, uniq_pikel, uniq_edmund
D:7:      minmay_the_grid_triangle_9x9_recursive_2
          [minmay_the_grid_triangle_9x9_prize_insulated,
          minmay_the_grid_triangle_9x9_impossible_snake,
          minmay_the_grid_triangle_9x9_corrupted_corridor,
          minmay_the_grid_triangle_9x9_sprig], layout_basic, temple_doors_e,
          ebering_dispersal_statue_hall, minmay_chambers_of_fives
D:8:      layout_rooms, led_sif_book, grunt_temple_overflow_cloverleaf
D:9:      layout_long_grid, xom_butterflies, lemuel_round_altar,
          lair_entry_dummy, orc_david_3, uniq_maurice
D:10:     layout_roguey, zin_academy, lemuel_flamethrower_2, uniq_lodul
D:11:     layout_irregular_city, gammafunk_ghost_split, gauntlet_entry_generic,
          uniq_psyche
D:12:     gammafunk_cloud_chamber, layout_small_grid
D:13:     minmay_cornered_nines, layout_cave_pods, erik_vaults_1
D:14:     layout_roguey, nicolae_figureground_pulse
D:15:     gammafunk_enter_depths_forms, layout_loops_ring,
          hellmonk_bongcloud_opening, chequers_avenue, kb_rosetta
Temple:   nicolae_temple_figure_eight
Lair:1:   layout_roguey, serial_bayou_shore_b
Lair:2:   layout_misc_corridors, spider_nest_entry_webs, st_stairs_6,
          nicolae_lair_grove_arrangements, grunt_megastairs_5,
          lemuel_fruit_tree, lemuel_fruit_fields, lemuel_fruit_fields
Lair:3:   layout_small_grid, palyth_hydra_swamp_entry, grunt_megastairs_2
Lair:4:   layout_roguey, gammafunk_ghost_ooze, serial_bayou_shore_a,
          grunt_megastairs_4
Lair:5:   hangedman_lair_caniforms_friends, layout_misc_corridors,
          hangedman_lair_in_review, nicolae_slime_entry_field_trip,
          hangedman_lair_unloving_vines
Swamp:1:  layout_falls_marsh, hangedman_swamp_ruin_wall, swamp_pool5,
          uniq_mlioglotl, uniq_kirke, uniq_aizul
Swamp:2:  layout_falls_marsh, evilmike_swamp_ruin_house_6,
          nicolae_swamp_frolicking_bunyips
Swamp:3:  layout_falls_marsh, hangedman_swamp_cone
Swamp:4:  byrel_swamp_growth_death_and_undeath, layout_basic_swamp,
          gammafunk_ghost_hydra_chop, swamp_pool1, infiniplex_staircase_pool_2,
          uniq_louise
Spider:1: layout_chambers, gammafunk_ghost_necromancy, nicolae_spider_shape
Spider:2: layout_spider_delve, uniq_asterion, uniq_jorgrun
Spider:3: layout_spider_delve, portal_ice_cave_entry_pillars_2, uniq_azrael,
          uniq_arachne
Spider:4: guppyfry_spider_rune, nicolae_spider_moth_buddies
Slime:1:  layout_caves, amcnicky_altar_lugonu_corruption
Slime:2:  cheibrodos_slime_lost_civilization_9, layout_caves
Slime:3:  layout_caves, cheibrodos_slime_lost_civilization_6
Slime:4:  layout_caves
Slime:5
Orc:1:    layout_diamond_mine
Orc:2:    st_orc_rangers, layout_caves, serial_shops,
          nicolae_shop_tiny_waterfront, basic_altar, minmay_shop_mass,
          minmay_orc_treasury
Elf:1:    eino_elf_arrival_the_gate, layout_onion_city, minivault_28,
          st_stairs_9, minmay_shop_grove, grunt_megastairs_3
Elf:2:    nicolae_elf_blades_splatter_lattice [mumra_blade_entry_dagger],
          layout_loops_corners, nicolae_shop_i_like_small_books_too
Elf:3:    minmay_elf_hall_circle, layout_loops_ring, minmay_misc_feat_pillars,
          onia_ninara_cookie
Vaults:1: ontoclasm_vaults_ligature, nicolae_vaults_storage_room_doors,
          grunt_vaults_twisty, vaults_room_corners, grunt_vaults_focal,
          vaults_room_door_hall, v_misc_26, nicolae_vaults_tetromino_T_2,
          vaults_room_grunt_arrival_ludios, nicolae_vaults_storage_closets_2,
          ontoclasm_vaults_shout, nicolae_vaults_variable_pillar_hall,
          layout_vaults_big_room, serial_shops, shop
Vaults:2: hangedman_vaults_hat, sword_in_stone, vaults_dpeg_emergency_exit,
          ontoclasm_vaults_shuriken, vaults_dpeg_ring, vaults_room_hallway,
          minmay_crypt_entry_nasty_monster, nicolae_vaults_little_squares_2,
          vaults_room_grid, hangedman_vaults_slither, dpeg_vaults_monster_box,
          layout_vaults_omnibox
Vaults:3: st_star, ontoclasm_vaults_idyll, nicolae_vaults_sealed_display,
          hangedman_vaults_nails, nicolae_vaults_big_ls, vaults_mumra_minichess,
          ontoclasm_vaults_misaligned, nicolae_vaults_disjoint_gnomons,
          nicolae_vaults_diagonal_hallway_6, layout_vaults_big_cross,
          serial_shops, shop, uniq_zenata
Vaults:4: nicolae_vaults_tetromino_L_2, v_misc_27, hangedman_vaults_variations,
          nicolae_vaults_little_squares_3, vaults_room_large_hall, v_misc_14,
          layout_vaults_omnigrid, serial_shops, shop, uniq_donald, uniq_sojobo
Vaults:5: uniq_frederick, uniq_jory
Crypt:1:  layout_gridlike, grunt_crypt_arrival_guarded_gate, uniq_boris,
          uniq_margery
Crypt:2:  layout_gridlike, st_small_mortuary
Crypt:3:  david_glass_crypt, layout_misc_corridors, tomb_entry_shell_bobbens,
          serial_sigils, serial_sigils_hangedman_scratch,
          serial_sigils_hangedman_etch, serial_sigils_hangedman_writhe,
          uniq_xtahua
Depths:1: minmay_thinvault, layout_gridlike, pf_hell_entry_tar_river,
          grunt_ministairs_12, st_stairs_12, chequers_serial_rivers_room_b,
          chequers_serial_rivers_micro_d,
          nicolae_concentric_dashed_squares_mild, chequers_serial_rivers_room_b,
          serial_sigils_hangedman_leer, chequers_serial_rivers_room_b,
          minmay_protected_statue, uniq_saint_roka
Depths:2: nicolae_legendary_halls, layout_gridlike, rand_demon_pan_entry_5,
          hangedman_glass_teeth, abyss_entry, grunt_hell_entry_dis_mu,
          eino_tiny_chamber
Depths:3: grunt_deathspiral_small, layout_gridlike, enter_ziggurat_b,
          hangedman_abyss_entry_splay, hell_entry, pan_entry
Depths:4: grunt_zot_entry_alcove, layout_basic, hell_entry,
          rand_demon_pan_entry_7, biasface_ghost_demon_polymorph,
          serial_bayou_shore_b, uniq_grunn
Hell
Coc:1:    layout_cocytus_delve
Coc:2:    layout_ice_bergs, nicolae_hells_hurtin_island
Coc:3:    layout_cocytus_water_paths
Coc:4:    layout_cocytus_delve
Coc:5:    layout_cocytus_water_paths, nicolae_coc_statues_of_limitations
Coc:6:    nicolae_coc_cocytus_crossing, layout_ice_bergs
Coc:7:    coc_hangedman
Zot:1:    layout_misc_corridors, st_small_dragon_hoard_4, grunt_ministairs_1
Zot:2:    lemuel_firehouse, layout_cathedral_of_symmetry, zot_minivault_2
Zot:3:    lemuel_acid_trip, layout_cathedral_of_symmetry, grunt_ministairs_14,
          uniq_parghit
Zot:4:    layout_twisted_circle, uniq_tiamat
Zot:5:    layout_gridlike

Skill      XL: |  1  2  3  4  5  6  7  8  9 10 11 12 13 14 15 16 17 18 19 20 21 22 23 24 25 26 27 |
---------------+----------------------------------------------------------------------------------+-----
Earth Magic    | 4 5 6 7 9 11 12 13 14 15 16 17 18 20 21 22 23 24 25 26 | 26.9
Fighting       | 1 2 3 4 5 6 7 8 9 10 11 12 13 14 15 16 17 20 | 20.8
Transmutations | 2 3 14 | 14.6
Conjurations   | 1 2 3 4 5 7 8 9 10 11 12 13 14 15 | 15.0
Spellcasting   | 3 4 5 6 7 8 9 10 11 12 13 14 15 16 20 | 20.0
Necromancy     | 1 3 4 6 7 16 | 16.4
Armour         | 1 2 4 5 6 8 9 10 11 12 13 15 16 17 18 19 20 21 22 23 27 | 27.0
Shields        | 2 4 6 8 9 12 14 15 16 17 18 19 20 22 | 22.2
Invocations    | 5 7 9 10 11 13 | 13.0
Summonings     | 1 3 4 7 12 | 12.0
Dodging        | 10 | 10.1
Stealth        | |  2.4

Action                     |  1- 3 |  4- 6 |  7- 9 | 10-12 | 13-15 | 16-18 | 19-21 | 22-24 | 25-27 || total
---------------------------+-------+-------+-------+-------+-------+-------+-------+-------+-------++-------
  Melee: Whip              |     7 |       |       |       |       |       |       |       |       ||     7
         Short sword       |     3 |    56 |   114 |     5 |       |       |       |       |       ||   178
         Staff             |       |       |     8 |   301 |   431 |   428 |   222 |   261 |   563 ||  2214
         Unarmed           |       |       |       |       |    11 |       |       |       |       ||    11
  Throw: Dart              |       |       |     7 |    10 |     1 |       |       |       |     1 ||    19
   Cast: Sandblast         |    38 |    39 |   108 |   334 |   342 |   311 |   113 |     1 |       ||  1286
         Passwall          |     2 |       |     4 |     1 |       |     1 |       |       |     3 ||    11
         Stone Arrow       |       |       |     4 |       |     8 |    69 |    31 |     6 |       ||   118
         Animate Armour    |       |       |       |     6 |    64 |    96 |    52 |    52 |    78 ||   348
         Lee's Rapid Decon |       |       |       |     5 |     2 |    53 |    13 |    41 |   144 ||   258
         Iron Shot         |       |       |       |       |     3 |   101 |   121 |    93 |   299 ||   617
         Sublimation of Bl |       |       |       |       |       |    83 |   139 |   129 |   394 ||   745
         Borgnjor's Vile C |       |       |       |       |       |       |   174 |   194 |   408 ||   776
         Lehudib's Crystal |       |       |       |       |       |       |       |     1 |    35 ||    36
         Shatter           |       |       |       |       |       |       |       |       |   140 ||   140
         Spellforged Servi |       |       |       |       |       |       |       |       |    52 ||    52
         Haunt             |       |       |       |       |       |       |       |       |    29 ||    29
 Invoke: Slouch            |       |       |       |       |     2 |    12 |     6 |     6 |     2 ||    28
         Step From Time    |       |       |       |       |       |       |       |     1 |       ||     1
Ability: Dig               |       |       |       |     2 |     1 |     3 |     1 |     2 |     5 ||    14
  Evoke: Wand              |       |       |     2 |       |     2 |     1 |     3 |       |     2 ||    10
    Use: Scroll            |       |     4 |     2 |    10 |     9 |     9 |     2 |     2 |    17 ||    55
         Potion            |       |     1 |     4 |     8 |       |     7 |     7 |     6 |    13 ||    46
   Stab: Sleeping          |       |     2 |     1 |       |       |       |       |       |       ||     3
         Invisible         |       |     1 |       |       |       |       |       |     1 |       ||     2
         Distracted        |       |       |       |     1 |     2 |     7 |     1 |     2 |     3 ||    16
 Armour: Robe              |     1 |       |       |       |       |       |       |       |       ||     1
         Leather armour    |     1 |    19 |    34 |       |       |       |       |       |       ||    54
         Ring mail         |       |       |    11 |       |       |       |       |       |       ||    11
         Scale mail        |       |       |     6 |    29 |       |       |       |       |       ||    35
         Chain mail        |       |       |       |    71 |   270 |   322 |   166 |       |       ||   829
         Skin              |       |       |       |    29 |       |       |       |       |       ||    29
         Plate armour      |       |       |       |       |       |       |    44 |   121 |   219 ||   384
         Gold dragon scale |       |       |       |       |       |       |       |       |   142 ||   142
  Dodge: Dodged            |     9 |    37 |   111 |   261 |   682 |   680 |   175 |   117 |   345 ||  2417
  Block: Kite shield       |       |       |    72 |   514 |  1204 |  1505 |   393 |       |       ||  3688
         Reflection        |       |       |       |    10 |    14 |    76 |    40 |    62 |   102 ||   304
         Other             |       |       |       |       |     3 |       |       |       |       ||     3
         Tower shield      |       |       |       |       |       |       |   442 |   745 |  1579 ||  2766
